AoeStats
← saschauli

Baltic

510502489Analyzed
2v2 RM · 2d ago on Oct 1, 2026· 54m 28s· 4 players
Game mode
Random Map
Map size
Medium (4 player)
Population
200
Speed
Normal
Resources
Standard
Victory
Conquest
Starting age
Dark Age
Ending age
Imperial Age
RankedLock teamsTeams togetherTeam positionsShared explorationLock speedFull tech treeHidden civsTurbo modeCheats
Victory
Defeat
🇨🇳 Khitans · China
1002
+18
🇩🇪 Celts · Germany
989
+19
🇦🇺 Vikings · Australia
1053
-19
🇦🇺 Varangians · Australia
1051
-18
78322485
5:03 Loom
14:10 Feudal Age
19:36 Castle Age
20:15 Wheelbarrow
19:27 Double-Bit Axe
20:04 Domestication
22:34 Pastoralism
22:46 Bow Saw
22:28 Gambesons
22:31 Arson
22:46 Squires
24:38 Forging
24:28 Scale Mail Armor
26:18 Iron Casting
26:34 Chain Mail Armor
30:05 Fletching
33:50 Imperial Age
32:52 Hand Cart
32:56 Bodkin Arrow
32:58 Gold Mining
33:19 Stone Mining
34:53 Lamellar Armor
36:37 Plate Mail Armor
36:08 Bracer
38:20 Stone Shaft Mining
38:18 Elite Liao Dao
40:44 Chemistry
40:05 Ballistics
saschauli
9:54 Loom
12:09 Feudal Age
16:46 Castle Age
14:40 Double-Bit Axe
15:24 Stone Mining
15:33 Gold Mining
16:05 Forging
15:57 Horse Collar
19:58 Heavy Plow
22:29 Bow Saw
24:03 Fletching
25:10 Stone Shaft Mining
28:35 Gold Shaft Mining
32:50 Imperial Age
31:58 Scale Mail Armor
32:35 Iron Casting
33:15 Chain Mail Armor
33:32 Bodkin Arrow
34:41 Wheelbarrow
35:11 Blast Furnace
34:43 Conscription
35:47 Hand Cart
36:13 Plate Mail Armor
36:10 Elite Woad Raider
37:35 Town Watch
37:49 Stronghold
41:31 Town Patrol
49:09 Pikeman
49:42 Halberdier
shunnyboy
9:04 Loom
11:15 Feudal Age
11:58 Double-Bit Axe
12:40 Fishing Lines
17:29 Castle Age
15:45 Horse Collar
18:20 Bow Saw
20:25 Squires
20:11 Arson
20:11 Gambesons
21:17 Wheelbarrow
20:29 Town Watch
25:09 Gillnets
26:33 Fortified Wall
27:28 Heavy Plow
30:35 Imperial Age
28:21 Gold Mining
28:21 Stone Mining
29:15 Hand Cart
29:42 Bloodlines
29:33 Husbandry
29:43 Scale Barding Armor
29:31 Fletching
29:27 Light Cavalry
30:29 Forging
30:20 Scale Mail Armor
31:01 Caravan
32:56 Ballistics
34:41 Chemistry
33:52 Masonry
33:38 Murder Holes
33:26 Treadmill Crane
33:36 Cavalier
34:15 Bodkin Arrow
35:01 Conscription
34:49 Hussar
35:52 Chain Barding Armor
36:49 Iron Casting
36:09 Pikeman
37:26 Plate Barding Armor
36:52 Bracer
36:30 Vendel Legacy
37:58 Stone Shaft Mining
39:02 Two-Man Saw
38:44 Crop Rotation
39:00 Guilds
39:53 Blast Furnace
39:15 Padded Archer Armor
39:31 Chain Mail Armor
39:45 Town Patrol
40:54 Capped Ram
42:14 Architecture
41:52 Siege Ram
45:54 Heavy Scorpion
47:57 Siege Engineers
48:23 Plate Mail Armor
48:09 Leather Archer Armor
50:13 Onager
mase
11:47 Feudal Age
10:03 Loom
12:20 Double-Bit Axe
15:36 Gold Mining
17:49 Castle Age
16:25 Fletching
16:21 Horse Collar
18:40 Bow Saw
19:08 Bodkin Arrow
20:51 Stone Mining
21:03 Heavy Plow
21:18 Town Watch
24:22 Scale Mail Armor
26:44 Ballistics
28:46 Crossbowman
32:35 Imperial Age
30:34 Town Patrol
31:44 Padded Archer Armor
33:02 Gold Shaft Mining
32:30 Caravan
36:41 Chieftains
38:15 Fortified Wall
39:07 Chemistry
37:53 Arbalester
38:38 Bracer
38:54 Leather Archer Armor
41:15 Chain Mail Armor
44:16 Man-at-Arms
48:05 Plate Mail Armor
47:14 Long Swordsman
48:09 Two-Handed Swordsman
Connection lost

Rejoining the realm…

Still unreachable

The connection could not be restored.

Session expired

The server has moved on; the page needs a fresh start.